 Dungeon Crawl Stone Soup version 0.26.0-10-g1f06aea511 (webtiles) character file.

Game seed: 1427818322465095594

179 night the Firebug (level 5, -1/38 HPs)
             Began as a Demonspawn Fire Elementalist on Jan 18, 2021.
             Killed by divine providence
             ... invoked by an orc priest
              (15 damage)
             ... on level 3 of the Dungeon.
             The game lasted 00:05:36 (3150 turns).

night the Firebug (Demonspawn Fire Elementalist)    Turns: 3150, Time: 00:05:36

Health: -1/38      AC:  2    Str:  8    XL:     5   Next: 32%
Magic:  4/10       EV: 12    Int: 17    God:
Gold:   76         SH:  0    Dex: 14    Spells: 6/11 levels left

rFire    . . .     SeeInvis .   r - +0 quarterstaff
rCold    . . .     Faith    .   (shield currently unavailable)
rNeg     . . .     Spirit   .   a - +0 robe
rPois    .         Reflect  .   (no helmet)
rElec    .         Harm     .   (no cloak)
rCorr    +         Rampage  .   (no gloves)
Will     +....                  (no boots)
Stlth    ++........             (no amulet)
HPRegen  0.12/turn              l - ring of resist corrosion
MPRegen  0.12/turn              k - ring of willpower

@: no status effects
A: powered by death 1, miasma immunity
a: no special abilities


You were on level 3 of the Dungeon.
You visited 1 branch of the dungeon, and saw 3 of its levels.

You collected 76 gold pieces.

Inventory:

Hand Weapons
 c - a +0 whip
 r - a +0 quarterstaff (weapon)
Missiles
 q - 28 poisoned darts
Armour
 a - a +0 robe (worn)
Jewellery
 k - a ring of willpower (right hand)
 l - a ring of resist corrosion (left hand)
Scrolls
 e - a scroll of remove curse
 f - 4 scrolls of identify {unknown}
 g - 3 scrolls of magic mapping {unknown}
 h - a scroll of teleportation {unknown}
 m - a scroll of blinking {unknown}
 n - a scroll of random uselessness {unknown}
 p - 2 scrolls of amnesia {unknown}
Potions
 b - a potion of resistance {unknown}
 d - a potion of haste {unknown}
 i - a potion of brilliance {unknown}
 j - 2 potions of attraction {unknown}
 o - a potion of might {unknown}


   Skills:
 + Level 1.8 Fighting
 - Level 1.7 Dodging
 - Level 1.7 Stealth
 * Level 3.5 Spellcasting
 + Level 2.3 Conjurations
 + Level 3.6 Fire Magic


You had 6 spell levels left.
You knew the following spells:

 Your Spells              Type           Power        Failure   Level
a - Foxfire               Conj/Fire      52%          4%          1
b - Sticky Flame          Conj/Fire      13%          43%         4

Your spell library contained the following spells:

 Spells                   Type           Power        Failure   Level
 Conjure Flame            Conj/Fire      13%          14%         3
 Inner Flame              Hex/Fire       9%           24%         3
 Fireball                 Conj/Fire      6%           80%         5


Dungeon Overview and Level Annotations

Branches:
Dungeon (3/15)

Altars:
Trog


Innate Abilities, Weirdness & Mutations

You regenerate a little health from kills.
You are immune to miasma.


Message History

The orc priest is moderately wounded.
The orc priest hits you with a +0 flail.
The orc priest completely misses you.
You hit the orc priest but do no damage.
The orc priest is moderately wounded.
The orc priest mumbles some strange prayers to Beogh against you.
Pain shoots through your body!
Casting: Foxfire (safe; 4% risk of failure)
Confirm with . or Enter, or press ? or * to list all spells.
The spell is extremely dangerous to cast (43% risk of failure)!
Continue anyway?
Aiming: Sticky Flame (extremely dangerous; 43% risk of failure)
Press: ? - help, Shift-Dir - straight line, f - orc priest
Aim: an orc priest, wielding a +0 flail and wearing a +0 scale mail (moderately wounded, 0% to evade)
The sticky flame hits the orc priest but does no damage.
The orc priest is moderately wounded.
The orc priest is covered in liquid flames!
The orc priest burns!
The orc priest mumbles some strange prayers to Beogh against you.
Beogh smites you!
You die...

#.....#######
#####.......# #..
#..####.# #.# #..#
#.# #.# #..# #.# #>#
#..# #.# #.# #
#..####.####.##.####
.........)..........
#.####....[.@o..#
#######.#### #.# #.#
>.# ###


You could see an orc priest (burning).

Vanquished Creatures
  An orc priest (D:3)
  An orc wizard (D:2)
  7 adders (D:2)
  An ooze (D:1)
  A dart slug (D:1)
  2 leopard geckos
  6 orcs
  A giant cockroach (D:2)
  4 goblins
  3 hobgoblins
  4 jackals (D:2)
  2 kobolds (D:1)
  3 quokkas
  5 bats
  4 frilled lizards
  7 rats
52 creatures vanquished.

Vanquished Creatures (others)
  143 foxfires
143 creatures vanquished.

Grand Total: 195 creatures vanquished

Notes
Turn   | Place    | Note
-------+----------+-------------------------------------------
     0 | D:1      | night the Demonspawn Fire Elementalist began the quest for
                  | the Orb.
     0 | D:1      | Reached XP level 1. HP: 13/13 MP: 3/3
   509 | D:1      | Gained mutation: You regenerate a little health from kills.
                  | [demonic ancestry]
   509 | D:1      | Reached XP level 2. HP: 19/19 MP: 3/5
  1453 | D:2      | Reached XP level 3. HP: 23/25 MP: 2/6
  1758 | D:2      | Reached skill level 1 in Fighting
  1908 | D:2      | Reached XP level 4. HP: 26/32 MP: 5/8
  1914 | D:2      | Learned a level 4 spell: Sticky Flame
  2054 | D:2      | Found a faded altar of an unknown god.
  2424 | D:2      | Found a bloodstained altar of Trog.
  2833 | D:3      | Gained mutation: You are immune to miasma. [demonic
                  | ancestry]
  2833 | D:3      | Reached XP level 5. HP: 33/38 MP: 4/10
  3150 | D:3      | Killed from afar by an orc priest

Illustrated notes

Levels and vault maps discovered:
D:1:      dpeg_arrival_refuge, layout_basic, minivault_4, minmay_vboxes
D:2:      layout_basic, bloody_trog, chequers_ecumenical_altar_simple,
          grunt_ministairs_13
D:3:      layout_loops_ring, chequers_temple_overflow_statue_of_worship,
          marbit_many_paths, minmay_quantized, uniq_jessica

Skill      XL: |  1  2  3  4 |
---------------+-------------+-----
Fire Magic     | 3 |  3.6
Fighting       | 1 |  1.8
Spellcasting   | 3 |  3.5
Conjurations   | 2 |  2.3
Dodging        | |  1.7
Stealth        | |  1.7

Action                   |  1- 3 |  4- 6 || total
-------------------------+-------+-------++-------
Melee: Whip              |    29 |    33 ||    62
       Quarterstaff      |       |     2 ||     2
 Cast: Foxfire           |    47 |    46 ||    93
       Sticky Flame      |       |     2 ||     2
  Use: Scroll            |     1 |       ||     1
 Stab: Sleeping          |       |     1 ||     1
Armor: Robe              |     6 |    11 ||    17
Dodge: Dodged            |    33 |    54 ||    87
